 Dungeon Crawl Stone Soup version 0.30-a0-702-gdf48620a09 (webtiles) character file.

Game seed: 17441405499046954299

41 Leeroy the Slasher (level 3, -1/21 HPs)
             Began as a Tengu Warper on Jan 21, 2023.
             Killed from afar by Sigmund (5 damage)
             ... with a magic dart
             ... on level 2 of the Dungeon.
             The game lasted 00:02:12 (1201 turns).

Leeroy the Slasher (Tengu Warper)                   Turns: 1201, Time: 00:02:13

Health: -1/21      AC:  3    Str: 11    XL:     3   Next: 52%
Magic:  7/7        EV: 12    Int: 13    God:
Gold:   78         SH:  0    Dex: 15    Spells: 4/6 levels left

rFire   + . .      SeeInvis .    i - +0 scimitar
rCold   + . .      Faith    .    (no shield)
rNeg    . . .      Spirit   .    b - +0 leather armour
rPois   +          Reflect  .    (helmet restricted)
rElec   +          Harm     .    (no cloak)
rCorr   +          Rampage  .    (no gloves)
Will    .....                    (boots unavailable)
Stlth   +                        (no amulet)
HPRegen 0.23/turn                (no ring)
MPRegen 0.10/turn                (no ring)

@: confused, resistant
A: beak, talons 3
a: no special abilities


You were on level 2 of the Dungeon.
You visited 1 branch of the dungeon, and saw 2 of its levels.

You collected 78 gold pieces.

Inventory:

Hand Weapons
 a - a +0 falchion
 i - a +0 scimitar (weapon)
 l - a +1 short sword of venom
 o - a +0 rapier
Missiles
 d - 7 boomerangs of dispersal
 k - 4 poisoned darts
 n - 4 silver javelins (quivered)
Armour
 b - a +0 leather armour (worn)
Scrolls
 c - a scroll of blinking
 e - a scroll of enchant armour {unknown}
 f - 2 scrolls of identify {unknown}
 g - 2 scrolls of noise {unknown}
 h - 2 scrolls of teleportation {unknown}
 m - a scroll of poison {unknown}


   Skills:
 - Level 2.0 Fighting
 + Level 4.2 Long Blades
 - Level 1.0 Throwing
 - Level 1.1 Armour
 - Level 2.1 Dodging
 - Level 2.0 Spellcasting
 - Level 2.4 Translocations


You had 4 spell levels left.
You knew the following spells:

 Your Spells              Type           Power      Damage    Failure   Level
a - Blink                 Tloc           14%        N/A       19%         2

Your spell library contained the following spells:

 Spells                   Type           Power      Damage    Failure   Level
 Lesser Beckoning         Tloc           14%        N/A       19%         2
 Teleport Other           Tloc           7%         N/A       36%         3
 Vhi's Electric Charge    Tloc/Air       8%         N/A       52%         3
 Manifold Assault         Tloc           7%         N/A       77%         4


Dungeon Overview and Level Annotations

Branches:
Dungeon (2/15)

Altars:

Annotations:
D:2 Sigmund


Innate Abilities, Weirdness & Mutations

You have a beak for a mouth.
You have claws for feet.


Message History

Unknown command.
Sigmund casts a spell at you. The puff of flame hits you.
Sigmund points at you and mumbles some strange words.
You resist with significant effort. Sigmund casts a spell at you.
The magic dart hits you!
You feel less confused.
Sigmund zaps a wand.
The puff of flame misses you. Sigmund casts a spell at you.
The puff of flame hits you!
* * * LOW HITPOINT WARNING * * *
Sigmund points at you and mumbles some strange words.
You are confused.
It was a potion of resistance.
You feel protected.
You are too confused!
Unknown command.
You are too confused!
Sorry, you're not good enough to have a special ability.
Unknown command.
Okay, then.
You're too confused to cast spells.
You aren't carrying any potions.
You are too confused!
Unknown command.
You're too confused to aim your attacks!
You are too confused!
Unknown command.
Non-targeted confused throw: 6 javelins (silver)
Press: ? - help, Q - select action, (/) - cycle Dir - look around, f - activate You throw a silver javelin.
Sigmund zaps a wand.
The puff of flame hits you. You resist.
* * * LOW HITPOINT WARNING * * *
Non-targeted confused throw: 5 javelins (silver)
Press: ? - help, Q - select action, (/) - cycle Dir - look around, f - activate You throw a silver javelin.
Sigmund points at you and mumbles some strange words.
The magic dart hits you.
You die...

############ #####
#.........†###...#
##.####.@..†......###
#.......###.#.......####
#..###### #@#..........#
#..# #.#....)..##.# #..#
#.##....####.# #..#
#.##....# #.# .....
#@##.#.## #.# #.#..##
.#.#....### #.# #.#...
.....#..†.# #.# # #.##
.###....#.# #.#
.#.###########.#.#.# #.# .
#............#.#.# #.#
#.#...............###.#####
#.
#...#########.###........ #
#.............###.#######


You could see Sigmund.

Vanquished Creatures
  A worm (D:2)
  2 dart slugs
  An endoplasm (D:1)
  3 giant cockroaches
  8 goblins
  3 hobgoblins
  4 kobolds (D:1)
  A quokka (D:1)
  A ball python (D:1)
  3 bats
  3 rats
30 creatures vanquished.

Notes
Turn   | Place    | Note
-------+----------+-------------------------------------------
     0 | D:1      | Leeroy the Tengu Warper began the quest for the Orb.
     0 | D:1      | Reached XP level 1. HP: 12/12 MP: 4/4
   164 | D:1      | Reached XP level 2. HP: 13/17 MP: 6/6
   166 | D:1      | Reached skill level 3 in Long Blades
   232 | D:1      | Found a faded altar of an unknown god.
   418 | D:1      | Learned a level 2 spell: Blink
   471 | D:1      | Reached XP level 3. HP: 20/21 MP: 7/7
   891 | D:2      | Reached skill level 4 in Long Blades
  1175 | D:2      | Noticed Sigmund
  1201 | D:2      | Killed from afar by Sigmund

Illustrated notes

Levels and vault maps discovered:
D:1:      dpeg_chamrin_arrival_tetris, layout_rooms,
          hellmonk_ecumenical_altar_prayer_group, minmay_misc_feat_ornament
D:2:      layout_loops_ring, uniq_sigmund, uniq_natasha

Skill      XL: |  1  2  3 |
---------------+----------+-----
Long Blades    | 3 4 |  4.2
Fighting       | |  2.0
Throwing       | |  1.0
Armour         | |  1.1
Dodging        | |  2.1
Spellcasting   | |  2.0
Translocations | |  2.4

Action                   || total
-------------------------++-------
Melee: Falchion          ||    23
       Kick              ||    14
       Peck              ||    10
       Scimitar          ||    54
       Punch             ||     1
Throw: Dart              ||     3
       Javelin           ||     3
  Use: Potion            ||     1
 Stab: Sleeping          ||     1
Armor: Leather armour    ||    23
Dodge: Dodged            ||    62

Table legend: (Time is in decaauts)
 A = Elapsed time spent in this place.
 B = Non-inter-level travel time spent in this place.
 C = Inter-level travel time spent in this place.
 D = Time resting spent in this place.
 E = Time spent auto-exploring this place.
 F = Levels seen in this place.
 G = Mean time per level.
                   A        B        C        D        E       F      G
               +--------+--------+--------+--------+--------+-----+--------+
         Total |   1217 |   1079 |    138 |     30 |    766 |   2 |  608.5 |
       Dungeon |   1217 |   1079 |    138 |     30 |    766 |   2 |  608.5 |
               +--------+--------+--------+--------+--------+-----+--------+

Top non-repeatable levels by time:
     D:1: 837 daAuts
     D:2: 380 daAuts
